AoeStats
← Birrën

MegaRandom

510252772Analyzed
2v2 RM · 2d ago on Sep 30, 2026· 69m 14s· 4 players
Game mode
Random Map
Map size
Medium (4 player)
Population
200
Speed
Normal
Resources
Standard
Victory
Conquest
Starting age
Dark Age
Ending age
Imperial Age
RankedLock teamsTeams togetherTeam positionsShared explorationLock speedFull tech treeHidden civsTurbo modeCheats
Victory
Defeat
🇦🇺 Varangians · Australia
637
+14
🇳🇿 Saxons · New Zealand
602
+16
🇦🇷 Lithuanians · Argentina
659
-17
🇺🇸 Hindustanis · United States
544
-13
GranjeroViolento
7:45 Loom
12:39 Feudal Age
14:17 Arson
15:42 Wheelbarrow
15:05 Double-Bit Axe
17:54 Horse Collar
18:15 Stone Mining
18:16 Gold Mining
25:10 Castle Age
23:24 Forging
23:14 Scale Mail Armor
26:04 Squires
25:50 Gambesons
26:44 Iron Casting
26:25 Chain Mail Armor
26:28 Hand Cart
29:50 Fortified Wall
33:20 Heavy Plow
33:34 Bow Saw
38:08 Imperial Age
38:23 Shield Wall
39:24 Conscription
39:01 Elite Varangian Guard
40:25 Plate Mail Armor
40:53 Capped Ram
42:43 Elite Hearth Troop
46:36 Ballistics
48:12 Siege Ram
Balamuerta
7:04 Loom
14:54 Feudal Age
15:25 Fishing Lines
15:35 Double-Bit Axe
15:43 Stone Mining
17:29 Wheelbarrow
17:09 Gold Mining
21:52 Horse Collar
25:39 Castle Age
23:29 Town Watch
24:35 Padded Archer Armor
24:25 Fletching
24:46 Forging
24:42 Scale Barding Armor
26:40 Bow Saw
27:08 Stone Shaft Mining
26:36 Heavy Plow
27:33 Gillnets
27:47 Bodkin Arrow
31:52 Hand Cart
33:55 Ballistics
34:07 Leather Archer Armor
34:12 Chain Barding Armor
40:49 Careening
41:38 Squires
41:27 Arson
44:35 Imperial Age
44:41 Imperial Age
43:51 Husbandry
44:07 Bloodlines
45:26 Iron Casting
45:45 Caravan
47:14 Two-Man Saw
46:52 Crop Rotation
47:12 Light Cavalry
52:52 Elite Longship
54:35 Medium Warships
62:04 Conscription
63:18 Heavy Warships
62:48 Elite Varangian Guard
NWI Nutball
13:26 Feudal Age
15:04 Wheelbarrow
16:13 Horse Collar
19:49 Forging
19:49 Gold Mining
20:55 Scale Mail Armor
21:04 Double-Bit Axe
24:08 Castle Age
23:24 Stone Mining
25:31 Gold Shaft Mining
25:10 Bow Saw
25:10 Heavy Plow
26:33 Iron Casting
26:03 Caravan
26:44 Fletching
28:15 Hand Cart
35:22 Imperial Age
33:41 Grand Trunk Road
34:44 Stone Shaft Mining
34:36 Fervor
34:48 Sanctity
34:34 Padded Archer Armor
35:26 Ballistics
37:20 Blast Furnace
36:29 Scale Barding Armor
39:06 Shatagni
39:53 Leather Archer Armor
40:59 Chemistry
40:43 Bodkin Arrow
41:12 Murder Holes
41:29 Masonry
41:43 Siege Elephant
43:19 Guard Tower
43:51 Siege Engineers
44:59 Guard Tower
45:34 Chain Barding Armor
45:30 Chain Mail Armor
45:16 Bracer
45:47 Ring Archer Armor
55:59 Hoardings
Birrën
9:56 Feudal Age
13:48 Double-Bit Axe
20:34 Stone Mining
22:49 Castle Age
21:22 Fletching
22:32 Padded Archer Armor
22:43 Forging
23:18 Horse Collar
27:24 Iron Casting
29:17 Bow Saw
30:05 Demolition Ship
31:01 Medium Warships
34:42 Bodkin Arrow
36:10 Leather Archer Armor
35:44 Elite Skirmisher
41:34 Pikeman
42:16 Squires
42:35 Scale Mail Armor
45:39 Caravan
45:46 Scale Barding Armor
46:37 Heavy Plow
53:23 Imperial Age
55:20 Chemistry
55:18 Crop Rotation
56:31 Heavy Warships
55:47 Elite Leitis
56:49 Conscription
61:37 Wheelbarrow
61:38 Ring Archer Armor
61:09 Bracer
61:25 Chain Mail Armor
61:30 Chain Barding Armor
61:20 Tower Shields
64:03 Two-Man Saw
Connection lost

Rejoining the realm…

Still unreachable

The connection could not be restored.

Session expired

The server has moved on; the page needs a fresh start.